 Dungeon Crawl Stone Soup version 0.30-a0-58-gc0703345a7 (webtiles) character file.

Game seed: 4214736725034536161

102 Weirdisaac the Trooper (level 4, -13/49 HPs)
             Began as an Ogre Fighter on Sept 12, 2022.
             Mangled by an ogre
             ... wielding a +0 giant club
              (36 damage)
             ... on level 3 of the Dungeon.
             The game lasted 00:06:09 (2636 turns).

Weirdisaac the Trooper (Ogre Fighter)               Turns: 2636, Time: 00:06:10

Health: -13/49     AC:  3    Str: 19 (22) XL:     4   Next: 77%
Magic:  13/13      EV:  9    Int:  9      God:
Gold:   186        SH:  8    Dex:  8      Spells: 3/3 levels left

rFire   . . .      SeeInvis .    a - +0 war axe
rCold   . . .      Faith    .    c - +1 kite shield
rNeg    . . .      Spirit   .    b - +0 robe
rPois   +          Reflect  .    (helmet restricted)
rElec   .          Harm     .    (no cloak)
rCorr   .          Rampage  .    (gloves unavailable)
Will    .....                    (boots unavailable)
Stlth   +.........               (no amulet)
HPRegen 0.16/turn                h - ring of poison resistance
MPRegen 0.13/turn                i - ring of magical power

@: no status effects
A: large, unfitting armour, tough skin 1
a: no special abilities


You were on level 3 of the Dungeon.
You visited 1 branch of the dungeon, and saw 3 of its levels.

You collected 186 gold pieces.

Inventory:

Hand Weapons
 a - a +0 war axe (weapon)
Armour
 b - a +0 robe (worn)
 c - a +1 kite shield (worn)
 f - an orb of mayhem
Jewellery
 h - a ring of poison resistance (left hand)
 i - a ring of magical power (right hand)
Scrolls
 d - 2 scrolls of poison
 e - a scroll of identify
Potions
 g - 3 potions of curing


   Skills:
 * Level 4.5 Fighting
 * Level 3.0 Axes
 * Level 0.8 Armour
 * Level 3.5 Dodging
 + Level 0.6 Stealth
 + Level 3.2 Shields


You had 3 spell levels left.
You didn't know any spells.
Your spell library was empty.

Dungeon Overview and Level Annotations

Branches:
Dungeon (3/15)

Altars:


Innate Abilities, Weirdness & Mutations

You are too large for most types of armour.
You have tough skin. (AC +1)


Message History

You hit the giant cockroach but do no damage.
The giant cockroach is severely wounded.
The giant cockroach completely misses you.
You hit the giant cockroach.
You kill the giant cockroach!
You see here a giant cockroach corpse.
You now have 168 gold pieces (gained 4).
Found an escape hatch in the floor.
There is an escape hatch in the floor here.
Found a stone staircase leading up.
You now have 174 gold pieces (gained 6).
You now have 186 gold pieces (gained 12).
A ball python comes into view.
Found a stone staircase leading down.
The ball python hisses angrily.
Found a leather armour.
You slash the ball python!
You kill the ball python!
Your Axes skill increases to level 3!
An ogre comes into view. It is wielding a +0 giant club.
Found a potion of curing.
Found a stone staircase leading up.
The ogre barely misses you.
You slash the ogre!
The ogre is moderately wounded.
You block the ogre's attack.
You barely miss the ogre.
The ogre is moderately wounded.
The ogre hits you with a +0 giant club!!
Ouch! That really hurt!
You closely miss the ogre.
The ogre is moderately wounded.
You block the ogre's attack.
You hit the ogre.
The ogre is heavily wounded.
The ogre closely misses you.
You hit the ogre but do no damage.
The ogre is heavily wounded.
The ogre hits you with a +0 giant club!!!
Ouch! That really hurt!
You die...

#. #.. #. #.#
!.# # #.# #.# ..
#.# #. #.# ##.
#.# .#..< #.#
......###.##
#...O@...#######
#...####........
..... #.#######
###. #.# # # #.#
#.# #
..#####.#####
#.# #
.........>..#
#.# #
[######.###.#
#.# # #.#
#.####.#


You could see an ogre.

Vanquished Creatures
  Robin (D:2)
  3 adders (D:2)
  A worm (D:3)
  2 dart slugs (D:1)
  3 endoplasms (D:1)
  A giant cockroach (D:3)
  10 goblins
  7 hobgoblins
  7 jackals (D:1)
  5 ball pythons
  6 bats (D:1)
  4 kobolds
  6 rats
56 creatures vanquished.

Notes
Turn   | Place    | Note
-------+----------+-------------------------------------------
     0 | D:1      | Weirdisaac the Ogre Fighter began the quest for the Orb.
     0 | D:1      | Reached XP level 1. HP: 24/24 MP: 1/1
   147 | D:1      | Reached XP level 2. HP: 30/32 MP: 2/2
   427 | D:1      | Reached XP level 3. HP: 38/40 MP: 3/3
  1543 | D:2      | Noticed Robin
  1548 | D:2      | Reached XP level 4. HP: 27/49 MP: 4/4
  1574 | D:2      | Killed Robin
  1827 | D:2      | Found a faded altar of an unknown god.
  2629 | D:3      | Noticed an ogre
  2636 | D:3      | Mangled by an ogre

Illustrated notes

Levels and vault maps discovered:
D:1:      dpeg_arrival_tiny_e, layout_loops_ring
D:2:      layout_rooms, shapermc_ecumenical_altar_starsandcircs, uniq_robin
D:3:      layout_loops_ring, serial_shops, nicolae_square_shop

Skill      XL: |  1  2  3  4 |
---------------+-------------+-----
Dodging        | 3 |  3.5
Axes           | 3 |  3.0
Fighting       | |  4.5
Armour         | |  0.8
Stealth        | |  0.6
Shields        | |  3.2

Action                   |  1- 3 |  4- 6 || total
-------------------------+-------+-------++-------
Melee: War axe           |   103 |    47 ||   150
  Use: Scroll            |     5 |     4 ||     9
       Potion            |     2 |     3 ||     5
Armor: Robe              |    42 |     6 ||    48
Dodge: Dodged            |    60 |    28 ||    88
Block: Kite shield       |    45 |    18 ||    63

Table legend: (Time is in decaauts)
 A = Elapsed time spent in this place.
 B = Non-inter-level travel time spent in this place.
 C = Inter-level travel time spent in this place.
 D = Time resting spent in this place.
 E = Time spent auto-exploring this place.
 F = Levels seen in this place.
 G = Mean time per level.
                   A        B        C        D        E       F      G
               +--------+--------+--------+--------+--------+-----+--------+
         Total |   2694 |   2662 |     32 |    698 |   1181 |   3 |  898.0 |
       Dungeon |   2694 |   2662 |     32 |    698 |   1181 |   3 |  898.0 |
               +--------+--------+--------+--------+--------+-----+--------+

Top non-repeatable levels by time:
     D:1: 1245 daAuts
     D:2: 1066 daAuts
     D:3: 382 daAuts
